 Dungeon Crawl Stone Soup version 0.20.0-15-g7f486f2 (webtiles) character file.

76 HeyBub the Grasshopper (level 4, 0/37 HPs)
             Began as a Centaur Warper on June 24, 2017.
             Slain by a sky beast (3 damage)
             ... on level 3 of the Dungeon.
             The game lasted 00:03:25 (2130 turns).

HeyBub the Grasshopper (Centaur Warper)             Turns: 2130, Time: 00:03:26

Health: 0/37       AC:  4    Str: 13    XL:     4   Next: 12%
Magic:  2/6        EV:  9    Int: 17    God:
Gold:   90         SH:  0    Dex: 10    Spells: 1/6 levels left

rFire    . . .     SeeInvis .   a - +0 spear
rCold    . . .     Gourm    .   (no shield)
rNeg     . . .     Faith    .   b - +0 leather armour
rPois    .         Spirit   .   (no helmet)
rElec    .         Reflect  .   (no cloak)
rCorr    .         Harm     .   (no gloves)
MR       .....                  (no barding)
Stlth    ..........             (no amulet)
Regen    0.2/turn               (no ring)
MPRegen  0.1/turn               (no ring)

@: brilliant, very quick
A: hooves 3, deformed body, speed 2, tough skin 3
a: no special abilities


You were on level 3 of the Dungeon.
You were hungry.

You visited 1 branch of the dungeon, and saw 3 of its levels.

You collected 90 gold pieces.

Inventory:

Hand Weapons
 a - a +0 spear (weapon)
 r - a +0 hunting sling
Missiles
 e - 5 tomahawks of dispersal
 k - 75 stones (quivered)
 o - 17 arrows
 w - 8 tomahawks
Armour
 b - a +0 leather armour (worn)
Jewellery
 x - an uncursed amulet of the gourmand {unknown}
Scrolls
 d - a scroll of blinking
 g - a scroll of fog {unknown}
 h - 2 scrolls of identify {unknown}
 i - a scroll of recharging {unknown}
 j - a scroll of fear {unknown}
 n - 2 scrolls of teleportation {unknown}
 q - a scroll of magic mapping {unknown}
 u - a scroll of enchant armour {unknown}
Potions
 p - a potion of haste {unknown}
 s - a potion of degeneration {unknown}
Books
 c - a book of Spatial Translocations

   Spells                             Type                      Level
   a - Blink                          Translocation                2
   b - Shroud of Golubria             Charms/Translocation         2
   c - Lesser Beckoning               Translocation                3
   d - Gell's Gravitas                Translocation                3
   e - Teleport Other                 Translocation                3
   f - Passage of Golubria            Translocation                4
 t - a book of Cantrips

   Spells                             Type                      Level
   a - Confusing Touch                Hexes                        1
   b - Animate Skeleton               Necromancy                   1
   c - Summon Small Mammal            Summoning                    1
   d - Apportation                    Translocation                1
Comestibles
 f - 2 bread rations
 m - a meat ration


   Skills:
 + Level 2.3 Fighting
 + Level 2.4 Polearms
 + Level 2.1(2.3) Slings
 + Level 1.2(1.8) Throwing
 + Level 1.2 Armour
 + Level 1.6 Dodging
 + Level 1.8 Spellcasting
 + Level 2.6 Translocations


You had one spell level left.
You knew the following spells:

 Your Spells              Type           Power        Failure   Level  Hunger
a - Blink                 Tloc           N/A          1%          2    ###....
b - Gell's Gravitas       Tloc           ###.......   3%          3    ###....


Dungeon Overview and Level Annotations

Branches:
Dungeon (3/15)

Altars:


Innate Abilities, Weirdness & Mutations

You have hooves in place of feet.
Armour fits poorly on your strangely shaped body.
You cover ground very quickly.
You have extremely tough skin. (AC +3)


Message History

Press: ? - help, Shift-Dir - straight line You shoot a stone.
Firing (i - inventory. (,) - cycle):
k - 76 stones (quivered)
Press: ? - help, Shift-Dir - straight line You shoot a stone.
Okay, then.
Wield which item (- for none, * to show all)? (? for menu, Esc to quit)
a - a +0 spear (weapon)
Something hits you. Something shocks you.
* * * LOW HITPOINT WARNING * * *
You closely miss something. You kick something. Something hits you.
* * * LOW HITPOINT WARNING * * *
Something shocks you.
* * * LOW HITPOINT WARNING * * *
You closely miss something. You kick something.
Something hits you but does no damage.
It was a potion of brilliance.
You feel clever all of a sudden. Something hits you.
You die...

#. ... . .# #..#.#
>####...#.#
.........##
#..^......#
#......?#.##
#..........#
#@.#.#...# .
#..####{.#.....#.#
#................
##..##..(#.....#
..........).##.#..
........(.......#
#............#...
.......(.....>..#
#..#........≈.###


There were no monsters in sight!

Vanquished Creatures
  Jessica (D:3)
  An adder (D:2)
  A worm (D:2)
  A dart slug (D:2)
  4 bats
  3 giant cockroaches
  6 goblins
  8 hobgoblins
  2 kobolds
  2 frilled lizards (D:2)
  6 rats
35 creatures vanquished.

Notes
Turn   | Place    | Note
-------+----------+-------------------------------------------
     0 | D:1      | HeyBub the Centaur Warper began the quest for the Orb.
     0 | D:1      | Reached XP level 1. HP: 17/17 MP: 3/3
   427 | D:1      | Reached XP level 2. HP: 12/24 MP: 4/4
  1154 | D:2      | Reached skill level 1 in Armour
  1154 | D:2      | Reached XP level 3. HP: 17/29 MP: 5/5
  1333 | D:2      | Learned a level 2 spell: Blink
  1337 | D:2      | Learned a level 3 spell: Gell's Gravitas
  2106 | D:3      | Noticed Jessica
  2111 | D:3      | Noticed a sky beast
  2114 | D:3      | Killed Jessica
  2114 | D:3      | Reached XP level 4. HP: 23/37 MP: 6/6
  2130 | D:3      | Slain by a sky beast

Skill      XL: |  1  2  3 |
---------------+----------+-----
Polearms       | 2 |  2.4
Armour         | 1 |  1.2
Slings         | 2 |  2.1
Fighting       | |  2.3
Throwing       | |  1.2
Dodging        | |  1.6
Spellcasting   | |  1.8
Translocations | |  2.6

Action                   |  1- 3 |  4- 6 || total
-------------------------+-------+-------++-------
Melee: Spear             |    84 |     2 ||    86
       Kick              |    12 |     2 ||    14
 Fire: Hunting sling     |    52 |     4 ||    56
Throw: Stone             |    23 |       ||    23
 Cast: Blink             |       |     1 ||     1
       Gell's Gravitas   |       |     1 ||     1
  Use: Potion            |       |     1 ||     1
  Eat: Chunk             |     2 |       ||     2
Armor: Leather armour    |    40 |     1 ||    41
Dodge: Dodged            |    51 |       ||    51
